 Dungeon Crawl Stone Soup version 0.31-a0-182-gc5ef74bbde (webtiles) character file.

Game seed: 6127784224454424157

2866 qw the Cleaver (level 9, -1/56 HPs)
             Began as a Gargoyle Fighter on June 21, 2023.
             Was a Believer of Okawaru.
             Slain by a yak (3 damage)
             ... on level 8 of the Dungeon.
             The game lasted 00:02:45 (5836 turns).

qw the Cleaver (Gargoyle Fighter)                   Turns: 5836, Time: 00:02:46

Health: -1/56      AC: 24    Str: 24    XL:     9   Next: 75%
Magic:  11/12      EV:  8    Int:  9    God:    Okawaru [**....]
Gold:   217        SH:  6    Dex:  9    Spells: 8/8 levels left

rFire   . . .        Y - +2 war axe (chaos)
rCold   . . .        c - +0 buckler
rNeg    + . .        u - +0 plate armour
rPois   inf          p - +2 helmet
rElec   +            (no cloak)
rCorr   .            (no gloves)
SInv    .            (no boots)
Will    +....        j - amulet of faith Stlth
                     s - ring of willpower
HPRegen 0.29/turn    (no ring)
MPRegen 0.13/turn

%: faith
@: about to teleport, heroic
A: sickness immunity, AC +6, negative energy resistance 1, electricity
resistance, torment resistance 1, petrification resistance
a: Renounce Religion, Heroism


You were on level 8 of the Dungeon.
You worshipped Okawaru.
Okawaru was pleased with you.
You visited 1 branch of the dungeon, and saw 8 of its levels.

You collected 369 gold pieces.
You spent 152 gold pieces at shops.


Innate Abilities, Weirdness & Mutations

You are immune to sickness and miasma.
Your stone body is resilient. (AC +6)
You are immune to poison.
You resist negative energy. (rN+)
You are resistant to electric shocks. (rElec)
You are resistant to unholy torment.
You are immune to petrification.


   Skills:
 + Level 6.9(11.9) Fighting
 - Level 9.2(14.2) Axes
 - Level 1.8(6.8) Throwing
 - Level 5.2(10.2) Armour
 - Level 1.0(6.0) Dodging
 - Level 4.2(9.2) Shields
 - Level 4.2 Invocations


You had 8 spell levels left.
You didn't know any spells.
Your spell library was empty.

Inventory:

Hand Weapons
 g - a +0 war axe
 h - a +0 flail
 Y - a +2 war axe of chaos (weapon)
Missiles
 l - 3 boomerangs (quivered)
Armour
 c - a +0 buckler (worn)
 p - a +2 helmet (worn)
 u - a +0 plate armour (worn)
Jewellery
 j - an amulet of faith (around neck)
 s - a ring of willpower (left hand)
Scrolls
 i - 2 scrolls of identify
 n - 4 scrolls of teleportation
Potions
 a - a potion of lignification
 d - 3 potions of might
 e - 3 potions of attraction
 f - a potion of resistance
 k - 6 potions of curing
 m - 3 potions of haste

Dungeon Overview and Level Annotations

Branches:
Dungeon (8/15)             Temple (0/1) D:5
   Lair: D:8-11

Altars:
Ashenzari
Cheibriados
Makhleb
Okawaru
Sif Muna
Vehumet
Xom
Yredelemnul
Zin

Shops:
D:1 (   D:2 (?:   D:3 !   D:4 (

Annotations:
D:2 1 runed translucent door, Crazy Yiuf


Message History

You hit the water moccasin. You burn the water moccasin. You slash the kobold!
You kill the kobold!
Okawaru accepts your kill. You block the yak's attack.
The water moccasin bites you but does no damage.
You block the yak's attack.
You barely miss the yak.
The yak is almost dead.
You hit the yak. You freeze the yak. You miss the water moccasin.
You barely miss the kobold. x2
You block the water moccasin's attack. You block the yak's attack.
You hit the yak but do no damage.
The yak seems to speed up.
The yak is almost dead.
You slash the yak!
You feel better.
You slash the water moccasin!
The water moccasin seems to slow down.
You freeze the water moccasin! You hit the kobold brigand.
The kobold brigand is poisoned.
You hit the yak. You block the water moccasin's attack.
The yak gores you but does no damage.
You slash the yak!
You kill the yak!
Okawaru accepts your kill.
You closely miss the yak. You closely miss the water moccasin.
You hit the kobold brigand.
You feel better.
You hit the yak. You freeze the yak. The yak gores you.
The yak gores you but does no damage. You block the water moccasin's attack.
You closely miss the water moccasin.
The water moccasin is almost dead.
You slash the kobold brigand!
The kobold brigand resists with some effort.
You barely miss the yak. You hit the yak. The yak gores you!
The yak barely misses you.
The water moccasin bites you but does no damage.
5836 ||| READING 5 scrolls of teleportation.
As you read the scroll of teleportation, it crumbles to dust.
You feel strangely unstable. The yak gores you!
The water moccasin bites you but does no damage.
The kobold brigand closely misses you. The yak gores you but does no damage.
The yak gores you.
You die...

#.. #......!# #.. .
#.......# #+#.. ..
#.....).# ...... ...
#.......# ...... ....
#.......# .....# .....
#<.....# ##...
7....K#K.....# ####
.....KS@%..####
.....KYYS#....####
......Kl.####.)..#######
.........+..............
.....7...##........#####
.........##.............
.........##.............
...7.....##.............
#.............


You could see 2 yaks, 2 water moccasins, a wyvern, a kobold brigand (very
poisoned) and 4 kobolds.

Vanquished Creatures
  Sigmund (D:2)
  4 yaks (D:8)
  A basilisk (D:8)
  A water moccasin (D:8)
  A sky beast (D:6)
  An orc warrior (D:8)
  4 centaurs (D:8)
  A phantom (D:5)
  2 kobold brigands
  A bullfrog (D:8)
  2 scorpions (D:5)
  A gnoll sergeant (D:5)
  A howler monkey (D:6)
  2 hounds
  2 jellies
  4 orc priests
  3 sleepcaps
  Jessica (D:2)
  5 iguanas
  4 orc wizards
  Robin (D:2)
  4 adders
  9 gnolls
  2 shadow imps (D:6)
  2 white imps
  2 dart slugs
  20 orcs
  A bat (D:1)
  5 endoplasms
  3 giant cockroaches
  16 goblins
  4 hobgoblins
  6 jackals
  3 quokkas
  5 ball pythons
  4 frilled lizards
  17 kobolds
  2 rats (D:1)
148 creatures vanquished.

Notes
Turn   | Place    | Note
-------+----------+-------------------------------------------
     0 | D:1      | qw the Gargoyle Fighter began the quest for the Orb.
     0 | D:1      | Reached XP level 1. HP: 14/14 MP: 1/1
     0 | D:1      | 0 ||| qw: Version: 0.3-a-9-g12657ce
     0 | D:1      | 0 ||| qw: Game counter: 1648
     0 | D:1      | 0 ||| qw: Always use a shield: true
     0 | D:1      | 0 ||| qw: God list: Okawaru
     0 | D:1      | 0 ||| qw: Allow faded altars: false
     0 | D:1      | 0 ||| qw: Do Orc after D:15 true
     0 | D:1      | 0 ||| qw: Do second Lair branch before Depths: true
     0 | D:1      | 0 ||| qw: Lair rune preference: random
     0 | D:1      | 0 ||| qw: Plans: Normal, Zot:1-4, Slime:5, God:TSO, Crypt,
                  | Tomb, Abyss, Pan, Hells, Win
     0 | D:1      | 0 ||| PLANNING D:1-11
    38 | D:1      | 38 ||| Stepping ~*~*~tactically~*~*~ (water).
    43 | D:1      | Reached skill level 2 in Axes
   164 | D:1      | 164 ||| Stepping ~*~*~tactically~*~*~ (stealth).
   168 | D:1      | Reached XP level 2. HP: 19/19 MP: 2/2
   231 | D:1      | 231 ||| Stepping ~*~*~tactically~*~*~ (stealth).
   232 | D:1      | 232 ||| Stepping ~*~*~tactically~*~*~ (stealth).
   248 | D:1      | Found Tuiwn's Weapon Shop.
   264 | D:1      | 264 ||| DROPPING +0 club.
   577 | D:1      | 577 ||| UPGRADING to +0 chain mail.
   587 | D:1      | 587 ||| DROPPING +0 scale mail.
   588 | D:1      | 588 ||| DROPPING +6 ring of intelligence.
   589 | D:1      | 589 ||| READING scroll labelled FUEHASUITZ.
   590 | D:1      | 590 ||| READING scroll labelled WAAPNI GU USA.
   591 | D:1      | 591 ||| READING scroll labelled BAUHEE KAODWUC.
   592 | D:1      | 592 ||| READING scroll labelled UDGHATUGIZE.
   593 | D:1      | 593 ||| DRINKING 2 glowing silvery potions.
   671 | D:2      | Noticed Jessica
   679 | D:2      | Reached skill level 3 in Axes
   683 | D:2      | Killed Jessica
   684 | D:2      | Reached XP level 3. HP: 11/23 MP: 3/3
   768 | D:2      | 768 ||| DROPPING +0 whip.
   814 | D:2      | Found Aprilel's Book Shop.
   830 | D:2      | Found Foepuf's Magic Scroll Shoppe.
   836 | D:2      | 836 ||| SHOPLISTING scroll of enchant armour (97 gold, have
                  | 58).
   836 | D:2      | 836 ||| SHOPLISTING scroll of enchant weapon (97 gold, have
                  | 58).
   836 | D:2      | 836 ||| BUYING scroll of identify (26 gold).
   836 | D:2      | Bought a scroll of identify for 26 gold pieces
   847 | D:2      | 847 ||| Stepping ~*~*~tactically~*~*~ (stealth).
   851 | D:2      | 851 ||| Stepping ~*~*~tactically~*~*~ (stealth).
  1021 | D:2      | Noticed Sigmund
  1033 | D:2      | Killed Sigmund
  1034 | D:2      | Reached skill level 5 in Axes
  1034 | D:2      | Reached XP level 4. HP: 24/28 MP: 4/4
  1034 | D:2      | Reached XP level 5. HP: 27/32 MP: 5/5
  1064 | D:2      | Found a runed translucent door.
  1065 | D:2      | Noticed Crazy Yiuf
  1137 | D:2      | 1137 ||| Stepping ~*~*~tactically~*~*~ (stealth).
  1138 | D:2      | Noticed Robin
  1139 | D:2      | 1139 ||| Stepping ~*~*~tactically~*~*~ (hiding).
  1147 | D:2      | Reached XP level 6. HP: 36/37 MP: 6/6
  1164 | D:2      | Killed Robin
  1371 | D:2      | Found Zets's Weapon Shoppe.
  1377 | D:2      | 1377 ||| SHOPLISTING +3 hand axe of flaming (268 gold, have
                  | 116).
  1489 | D:2      | 1489 ||| UPGRADING to +0 helmet.
  1494 | D:2      | 1494 ||| READING scroll of enchant armour.
  1494 | D:2      | 1494 ||| ENCHANTING +0 helmet.
  1495 | D:2      | 1495 ||| UPGRADING to amulet of guardian spirit.
  1500 | D:2      | 1500 ||| READING scroll labelled OCAIXK TELIMUCS.
  1501 | D:2      | 1501 ||| READING scroll labelled IHUBBOTA ZUTOST.
  1557 | D:2      | 1557 ||| READING scroll labelled JEUNNA FAJEFFALOX.
  1884 | D:3      | Found Weokol's Distillery.
  1895 | D:3      | 1895 ||| BUYING potion of attraction (42 gold).
  1895 | D:3      | Bought a potion of attraction for 42 gold pieces
  1895 | D:3      | 1895 ||| BUYING potion of attraction (42 gold).
  1895 | D:3      | Bought a potion of attraction for 42 gold pieces
  1895 | D:3      | 1895 ||| SHOPLISTING potion of cancellation (112 gold, have
                  | 52).
  1895 | D:3      | 1895 ||| BUYING potion of curing (42 gold).
  1895 | D:3      | Bought a potion of curing for 42 gold pieces
  1895 | D:3      | 1895 ||| SHOPLISTING potion of curing (42 gold, have 10).
  1895 | D:3      | 1895 ||| SHOPLISTING potion of magic (112 gold, have 10).
  1895 | D:3      | 1895 ||| SHOPLISTING potion of might (56 gold, have 10).
  2155 | D:3      | Found a radiant altar of Vehumet.
  2241 | D:3      | 2241 ||| UPGRADING to amulet of faith.
  2251 | D:3      | 2251 ||| DROPPING amulet of guardian spirit.
  2252 | D:3      | 2252 ||| READING 2 scrolls of identify.
  2252 | D:3      | 2252 ||| IDENTIFYING sedimented brown potion
  2281 | D:4      | 2281 ||| Stepping ~*~*~tactically~*~*~ (stealth).
  2363 | D:4      | 2363 ||| Stepping ~*~*~tactically~*~*~ (stealth).
  2368 | D:4      | 2368 ||| Stepping ~*~*~tactically~*~*~ (hiding).
  2371 | D:4      | 2371 ||| Stepping ~*~*~tactically~*~*~ (hiding).
  2400 | D:4      | 2400 ||| DROPPING +0 mace.
  2511 | D:4      | 2511 ||| Stepping ~*~*~tactically~*~*~ (hiding).
  2552 | D:4      | 2552 ||| READING scroll of enchant armour.
  2552 | D:4      | 2552 ||| ENCHANTING +1 helmet.
  2632 | D:4      | 2632 ||| Stepping ~*~*~tactically~*~*~ (stealth).
  2653 | D:4      | Found Kili's Antique Weapon Shop.
  2669 | D:4      | Reached skill level 6 in Axes
  2776 | D:4      | Reached skill level 1 in Dodging
  2799 | D:4      | 2799 ||| Stepping ~*~*~tactically~*~*~ (stealth).
  2968 | D:4      | 2968 ||| UPGRADING to ring of willpower.
  2969 | D:4      | 2969 ||| READING scroll labelled NITREF VIMP.
  2998 | D:4      | 2998 ||| READING scroll labelled YSUJUJ JULIRGH.
  2999 | D:4      | 2999 ||| DRINKING 2 pink potions.
  3000 | D:4      | 3000 ||| READING 2 scrolls of identify.
  3000 | D:4      | 3000 ||| IDENTIFYING brown potion
  3001 | D:4      | 3001 ||| DROPPING potion of degeneration.
  3016 | D:5      | Entered Level 5 of the Dungeon
  3020 | D:5      | Reached XP level 7. HP: 43/43 MP: 7/7
  3044 | D:5      | 3044 ||| Stepping ~*~*~tactically~*~*~ (stealth).
  3046 | D:5      | 3046 ||| Stepping ~*~*~tactically~*~*~ (stealth).
  3047 | D:5      | 3047 ||| Stepping ~*~*~tactically~*~*~ (stealth).
  3053 | D:5      | Found a shimmering altar of Xom.
  3054 | D:5      | 3054 ||| Stepping ~*~*~tactically~*~*~ (stealth).
  3126 | D:5      | Found a burning altar of Makhleb.
  3129 | D:5      | Found a basalt altar of Yredelemnul.
  3130 | D:5      | Found a snail-covered altar of Cheibriados.
  3131 | D:5      | Found a broken altar of Ashenzari.
  3131 | D:5      | Found an iron altar of Okawaru.
  3132 | D:5      | 3132 ||| PLANNING OKAWARU WORSHIP
  3132 | D:5      | Found a shimmering blue altar of Sif Muna.
  3142 | D:5      | Reached skill level 7 in Axes
  3212 | D:5      | Became a worshipper of Warmaster Okawaru
  3213 | D:5      | 3213 ||| PLANNING D:1-11
  3282 | D:5      | 3282 ||| Stepping ~*~*~tactically~*~*~ (hiding).
  3484 | D:5      | Reached skill level 1 in Throwing
  3526 | D:5      | Reached XP level 8. HP: 49/49 MP: 8/8
  3818 | D:5      | Found a staircase to the Ecumenical Temple.
  3907 | D:5      | 3907 ||| READING scroll labelled BAKKINEINU.
  3957 | D:6      | 3957 ||| Stepping ~*~*~tactically~*~*~ (hiding).
  3967 | D:6      | 3967 ||| FLEEEEING.
  4001 | D:6      | 4001 ||| READING scroll of enchant weapon.
  4001 | D:6      | 4001 ||| ENCHANTING +1 war axe.
  4076 | D:6      | 4076 ||| Stepping ~*~*~tactically~*~*~ (hiding).
  4081 | D:6      | Reached * piety under Okawaru
  4133 | D:6      | Found a glowing silver altar of Zin.
  4137 | D:6      | 4137 ||| Stepping ~*~*~tactically~*~*~ (hiding).
  4138 | D:6      | 4138 ||| Stepping ~*~*~tactically~*~*~ (hiding).
  4198 | D:6      | Reached skill level 1 in Invocations
  4445 | D:6      | 4445 ||| DRINKING 6 potions of curing.
  4445 | D:6      | 4445 ||| (to cure confusion)
  4579 | D:6      | Reached skill level 8 in Axes
  4603 | D:6      | 4603 ||| DROPPING +0 ring mail of cold resistance.
  4604 | D:6      | 4604 ||| DROPPING +1 robe of resistance.
  4605 | D:6      | 4605 ||| UPGRADING to +0 plate armour.
  4615 | D:6      | 4615 ||| DROPPING +0 chain mail.
  4616 | D:6      | 4616 ||| READING scroll labelled UCIGUE WIBUA.
  4717 | D:6      | 4717 ||| READING scroll labelled OPINNISKASCH.
  4718 | D:6      | 4718 ||| READING 5 scrolls of identify.
  4718 | D:6      | 4718 ||| IDENTIFYING silvery potion
  4719 | D:6      | 4719 ||| DROPPING potion of berserk rage.
  4769 | D:7      | Reached skill level 3 in Invocations
  4877 | D:7      | 4877 ||| Stepping ~*~*~tactically~*~*~ (hiding).
  5176 | D:7      | 5176 ||| INVOKING Heroism.
  5276 | D:7      | Found a flagged portal.
  5392 | D:7      | 5392 ||| DROPPING ring of wizardry.
  5393 | D:7      | 5393 ||| READING scroll labelled RETEOCRYFO.
  5394 | D:7      | 5394 ||| DROPPING +1 hand axe of flaming.
  5395 | D:7      | 5395 ||| READING 4 scrolls of identify.
  5395 | D:7      | 5395 ||| IDENTIFYING sedimented white potion
  5396 | D:7      | 5396 ||| READING 3 scrolls of identify.
  5396 | D:7      | 5396 ||| IDENTIFYING orange potion
  5397 | D:7      | 5397 ||| DROPPING potion of brilliance.
  5398 | D:7      | 5398 ||| DROPPING potion of invisibility.
  5419 | D:8      | 5419 ||| Stepping ~*~*~tactically~*~*~ (hiding).
  5456 | D:8      | 5456 ||| INVOKING Heroism.
  5460 | D:8      | Reached XP level 9. HP: 55/55 MP: 9/12
  5466 | D:8      | Reached skill level 6 in Fighting
  5479 | D:8      | 5479 ||| INVOKING Heroism.
  5482 | D:8      | Reached ** piety under Okawaru
  5667 | D:8      | 5667 ||| READING scroll of brand weapon.
  5667 | D:8      | 5667 ||| BRANDING +2 war axe of flaming.
  5706 | D:8      | 5706 ||| Stepping ~*~*~tactically~*~*~ (hiding).
  5732 | D:8      | 5732 ||| Stepping ~*~*~tactically~*~*~ (stealth).
  5796 | D:8      | 5796 ||| DROPPING +0 club.
  5812 | D:8      | 5812 ||| DROPPING +0 hand axe.
  5824 | D:8      | 5824 ||| INVOKING Heroism.
  5830 | D:8      | Reached skill level 9 in Axes
  5835 | D:8      | HP: 12/56 [yak (10)]
  5836 | D:8      | 5836 ||| READING 5 scrolls of teleportation.
  5836 | D:8      | HP: 2/56 [yak (10)]
  5836 | D:8      | Slain by a yak

Levels and vault maps discovered:
D:1:      dpeg_arrival_short_road, layout_rooms, serial_shops,
          nicolae_shop_advertising_works [nicolae_subvault_shop_adworks],
          minivault_14, minmay_pentomino_t4
D:2:      layout_loops_cross, serial_shops, shop,
          nicolae_shop_bloodbath_and_beyond, nicolae_shop_back_alley_shop,
          wad_floor_pattern_untrapped, minmay_quadrilaterals, uniq_jessica,
          uniq_crazy_yiuf_cottage, uniq_sigmund, uniq_robin
D:3:      layout_loops_ring, mainiacjoe_overflow_alcove_1, serial_shops,
          shop_fountains
D:4:      layout_loops_ring, serial_shops, nicolae_shop_window_shopping
D:5:      layout_loops_ring, grunt_temple_overflow_open,
          minmay_temple_entry_fiery
D:6:      layout_basic, kennysheep_mini_moat, kennysheep_generic_room_8
D:7:      layout_cave_pools, enter_bailey_3
D:8:      gammafunk_sealed_arena, layout_basic, minmay_lair_entry_grove

Skill      XL: |  1  2  3  4  5  6  7  8  9 |
---------------+----------------------------+-----
Axes           | 2 3 5 6 7 8 9 |  9.2
Fighting       | 4 5 6 |  6.9
Dodging        | 1 |  1.0
Throwing       | 1 |  1.8
Invocations    | 4 |  4.2
Armour         | 4 5 |  5.2
Shields        | 4 |  4.2

Action                     |  1- 3 |  4- 6 |  7- 9 || total
---------------------------+-------+-------+-------++-------
  Melee: War axe           |    97 |    82 |   217 ||   396
  Throw: Boomerang         |       |    44 |    41 ||    85
 Invoke: Heroism           |       |       |     4 ||     4
    Use: Scroll            |     4 |     9 |    10 ||    23
         Potion            |     1 |     1 |     1 ||     3
   Stab: Distracted        |       |       |     1 ||     1
 Armour: Scale mail        |    35 |       |       ||    35
         Chain mail        |    21 |    52 |    71 ||   144
         Plate armour      |       |       |    86 ||    86
  Dodge: Dodged            |    41 |    26 |    84 ||   151
  Block: Buckler           |    17 |     9 |    43 ||    69

Table legend:
 A = Non-vault XP
 B = Vault XP
 C = Vault XP percentage of total XP
 D = Non-vault monster count
 E = Vault monster count
 F = Vault count percentage of total count
                 A         B        C        D         E       F
            +---------+---------+-------+---------+---------+-------
      Total |    2572 |    1523 |  37.2 |     119 |      29 |  19.6
            +---------+---------+-------+---------+---------+-------
        D:1 |      24 |       4 |  14.3 |      16 |       3 |  15.8
        D:2 |      25 |     305 |  92.4 |       7 |      15 |  68.2
        D:3 |      89 |       0 |   0.0 |       7 |       0 |   0.0
        D:4 |     160 |       0 |   0.0 |      16 |       0 |   0.0
        D:5 |     661 |       0 |   0.0 |      22 |       0 |   0.0
        D:6 |     544 |      14 |   2.5 |      20 |       1 |   4.8
        D:7 |     184 |       6 |   3.2 |       9 |       4 |  30.8
        D:8 |     885 |    1194 |  57.4 |      22 |       6 |  21.4
            +---------+---------+-------+---------+---------+-------
